 Dungeon Crawl Stone Soup version 0.29-a0-1018-g6b6670bd90 (webtiles) character file.

Game seed: 15179507753534628443

13601 Ijustatesigmund the Thaumaturge (level 12, -15/79 HPs)
             Began as an Octopode Earth Elementalist on Aug 9, 2022.
             Was a Believer of Cheibriados.
             Demolished by a catoblepas (32 damage)
             ... in a Gauntlet on Aug 10, 2022.
             The game lasted 00:51:08 (18475 turns).

Ijustatesigmund the Thaumaturge (OpEE)             Turns: 18475, Time: 00:51:08

Health: -15/79     AC:  1    Str: 21    XL:     12   Next: 7%
Magic:  14/24      EV: 19    Int: 27    God:    Cheibriados [**....]
Gold:   109        SH:  0    Dex: 14    Spells: 14/27 levels left

rFire   . . .      SeeInvis .   e - +4 short sword
rCold   + . .      Faith    .   (no shield)
rNeg    + + +      Spirit   .   (helmet restricted)
rPois   .          Reflect  .   l - amulet of regeneration
rElec   .          Harm     .   m - ring of wizardry
rCorr   +          Rampage  .   n - ring of protection from cold
Will    .....      NoTele   +   A - +6 ring of strength
Stlth   +++++.....              (no ring)
HPRegen 1.03/turn               D - ring of Dulusmox {rN+++ rCorr EV+4 Str+3 Dex-4}
MPRegen 0.19/turn               (no ring)
                                (no ring)
                                (no ring)

@: very slow
A: almost no armour, amphibious, 8 rings, camouflage 1, gelatinous body 1,
(nimble swimmer 1), tentacles, wild magic 1, MP-powered wands
a: Renounce Religion, Bend Time


You were in a Gauntlet.
You worshipped Cheibriados.
Cheibriados was pleased with you.
You visited 2 branches of the dungeon, and saw 13 of its levels.
You also visited: Sewer, Bailey and Gauntlet.

You collected 1266 gold pieces.
You spent 1157 gold pieces at shops.

Inventory:

Hand Weapons
 b - a +0 vampiric morningstar
 e - a +4 short sword (weapon)
Missiles
 i - 2 throwing nets
Magical Staves
 d - a staff of conjuration
Jewellery
 l - an amulet of regeneration (around mantle)
 m - a ring of wizardry (left tentacle)
 n - a ring of protection from cold (right tentacle)
 p - an amulet of the acrobat
 A - a +6 ring of strength (on tentacle)
 D - the ring of Dulusmox (on tentacle) {rN+++ rCorr EV+4 Str+3 Dex-4}
   (You bought it in a shop on level 10 of the Dungeon)

   [ring of evasion]

   EV:        It affects your evasion (+4).
   Str:       It affects your strength (+3).
   Dex:       It affects your dexterity (-4).
   rN:        It renders you almost immune to negative energy.
   rCorr:     It protects you from acid and corrosion.
 H - a +4 ring of evasion
 I - a ring of magical power
Wands
 u - a wand of flame (18)
 w - a wand of digging (12)
 y - a wand of light (2)
Scrolls
 g - 5 scrolls of identify
 r - 2 scrolls of enchant weapon
 t - a scroll of poison
 z - 2 scrolls of enchant armour
 C - a scroll of amnesia
 E - 2 scrolls of teleportation
 G - a scroll of butterflies
Potions
 a - 2 potions of resistance
 c - a potion of cancellation
 h - 4 potions of brilliance
 j - 6 potions of attraction
 k - a potion of berserk rage
 o - 2 potions of curing
 q - a potion of mutation
 s - 3 potions of flight
 v - a potion of invisibility
 x - a potion of magic
 B - 2 potions of might
 F - a potion of ambrosia


   Skills:
 - Level 6.1 Fighting
 + Level 3.0 Short Blades
 + Level 3.0 Maces & Flails
 - Level 6.0 Dodging
 + Level 7.6 Stealth
 + Level 8.1 Spellcasting
 - Level 6.6 Conjurations
 - Level 5.5 Translocations
 - Level 5.8 Transmutations
 - Level 6.6 Earth Magic
 + Level 5.9 Invocations


You had 14 spell levels left.
You knew the following spells:

 Your Spells              Type           Power      Damage    Failure   Level
a - Sandblast             Erth           100%       2d20      1%          1
b - Stone Arrow           Conj/Erth      100%       3d13      1%          3
c - Passwall              Tmut/Erth      45%        N/A       1%          2
d - Blink                 Tloc           100%       N/A       1%          2
e - Petrify               Tmut/Erth      55%        N/A       2%          4
f - Apportation           Tloc           100%       N/A       1%          1

Your spell library contained the following spells:

 Spells                   Type           Power      Damage    Failure   Level
 Lesser Beckoning         Tloc           52%        N/A       1%          3
 Necrotise                Necr           56%        1d6       3%          1
 Summon Small Mammal      Summ           56%        N/A       3%          1
 Call Canine Familiar     Summ           14%        N/A       9%          3
 Summon Guardian Golem    Hex/Summ       14%        N/A       9%          3
 Manifold Assault         Tloc           52%        N/A       9%          5


Dungeon Overview and Level Annotations

Branches:
Dungeon (12/15)            Temple (1/1) D:5            Lair (0/5) D:8
  Sewer (visited)          Bailey (visited)         Gauntlet (1/1)
    Orc: D:9-12

Altars:
Ashenzari
Cheibriados
Dithmenos
Elyvilon
Fedhas
Gozag
Hepliaklqana
Kikubaaqudgha
Makhleb
Nemelex Xobeh
Okawaru
Qazlal
Ru
Sif Muna
Trog
Uskayaw
Vehumet
Wu Jian
Xom
Yredelemnul
Zin
The Shining One

Shops:
D:10 ==

Annotations:
D:4 2 runed translucent doors, hackon's ghost, amateur DsAK Gauntlet 11 transporters, 6 runed translucent doors


Innate Abilities, Weirdness & Mutations

You cannot wear most types of armour.
You are amphibious.
You can wear up to eight rings at the same time.
Your skin changes colour to match your surroundings (Stealth+).
Your rubbery body absorbs attacks. (AC +1, EV +1)
((You are camouflaged when in or above water. (Stealth+)))
You have tentacles for arms and can constrict up to eight enemies at once.
Your spells are a little harder to cast, but a little more powerful.
You expend magic power (3 MP) to strengthen your wands.


Message History

Okay, then.
Unknown command.
Aiming: Bolt of Light
Press: ? - help, Shift-Dir - straight line, f - catoblepas, p - gargoyle
Aim: a catoblepas (100% to hit)
You feel a surge of power!
The bolt of light hits the catoblepas!
The catoblepas is lightly wounded.
The catoblepas is blinded.
You hit the catoblepas but do no damage.
The catoblepas is lightly wounded.
You catch the helpless catoblepas completely off-guard!
You puncture the catoblepas!
The catoblepas is lightly wounded.
The gargoyle hurls a stone arrow at you.
The stone arrow hits you!!
The catoblepas breathes a plume of calcifying dust at you.
The blast of calcifying dust hits you. The gargoyle attacks as you move away!
The gargoyle closely misses you.
You barely miss the catoblepas.
The catoblepas is lightly wounded.
The catoblepas is no longer blind.
The gargoyle hits you with a +0 mace! The catoblepas gores you.
Casting: Stone Arrow (safe; 1% risk of failure)
Confirm with . or Enter, or press ? or * to list all spells.
Aiming: Stone Arrow (safe; 1% risk of failure)
Press: ? - help, Shift-Dir - straight line, f/p - catoblepas
Aim: a catoblepas (calcifying dust, lightly wounded, 100% to hit)
The stone arrow hits the catoblepas but does no damage.
The catoblepas is lightly wounded.
The gargoyle hurls a stone arrow at you.
The stone arrow misses you.
The catoblepas breathes a plume of calcifying dust at you.
The blast of calcifying dust hits you!
The catoblepas attacks as you move away!
The catoblepas misses you. The gargoyle attacks as you move away!
The gargoyle hits you with a +0 mace!!
* * * LOW HITPOINT WARNING * * *
The catoblepas attacks as you move away!
The catoblepas gores you!!
You die...

#≈≈...#####.#..:#.##
#≈..♣.#©#.##.##©#©#.
####..PP.#.#...#.###.##
#≈≈..♣...#.#.5##..##.#.
#≈...P.P.#.#.##...
####..♣.P.♣.#.#######
#≈≈.........#.#......
#≈..#########.#...♣
##...#....@.?#.#..P.
##≈.∩.#.##Y##.#.#.#≈#
##≈≈...##.§#9.##.#.≈≈≈
#≈≈≈♣.©#.##9##©#©#.#≈#
##≈≈...##..#..##.#.≈≈≈
##≈.∩.#.##.##[#.#.#≈#
##...#.......#.#..P.
#≈..#########.#...♣
#≈≈.........#.#......


You could see a catoblepas, a gargoyle and an ufetubus (wandering).

Vanquished Creatures
  Erolcha (D:10)
  Harold (D:9)
  A hydra (D:11)
  A boulder beetle (D:11)
  2 two-headed ogres (D:10)
  Sonja (D:11)
  An orc knight (Bailey)
  2 manticores
  A gargoyle (D:11)
  A komodo dragon (D:8)
  A kobold demonologist (D:10)
  3 trolls
  2 hornets
  Prince Ribbit (D:7)
  Sigmund (D:4)
  A vampire (D:12)
  4 yaks (D:10)
  2 wraiths
  2 steam dragons (D:8)
  2 vampire mosquitoes (D:12)
  2 acid dragons
  2 water moccasins
  A black bear (D:7)
  A sky beast (D:7)
  An ice beast (D:7)
  8 orc warriors
  An ogre (D:6)
  3 centaurs
  4 kobold brigands
  2 necrophages (D:5)
  3 bullfrogs
  3 scorpions
  14 wights
  7 electric eels (D:6)
  7 howler monkeys
  2 hounds
  An orc priest (D:8)
  Jessica (D:2)
  7 iguanas
  6 orc wizards
  Robin (D:3)
  5 gnolls
  10 adders
  3 river rats
  5 shadow imps
  3 white imps
  3 ufetubi
  A worm (D:2)
  A dart slug (D:5)
  26 orcs
  9 ball pythons
  6 endoplasms
  6 giant cockroaches
  13 goblins
  7 hobgoblins
  4 jackals
  4 quokkas
  4 bats
  15 frilled lizards
  21 kobolds
  18 rats
272 creatures vanquished.

Vanquished Creatures (collateral kills)
  A hound (D:4)
1 creature vanquished.

Vanquished Creatures (others)
  A deep elf pyromancer (D:12)
  An acid dragon (D:11)
  24 plants
26 creatures vanquished.

Grand Total: 299 creatures vanquished

Notes
Turn   | Place    | Note
-------+----------+-------------------------------------------
     0 | D:1      | Ijustatesigmund the Octopode Earth Elementalist began the
                  | quest for the Orb.
     0 | D:1      | Reached XP level 1. HP: 11/11 MP: 3/3
    97 | D:1      | You fall into a shaft and drop 1 floor!
   109 | D:2      | Noticed Jessica
   195 | D:1      | Reached XP level 2. HP: 17/17 MP: 5/5
  1023 | D:2      | Reached XP level 3. HP: 21/21 MP: 6/6
  1090 | D:2      | Found a faded altar of an unknown god.
  2015 | D:2      | Killed Jessica
  2016 | D:2      | Reached XP level 4. HP: 22/27 MP: 6/8
  2020 | D:2      | Learned a level 3 spell: Stone Arrow
  2023 | D:2      | Learned a level 2 spell: Passwall
  2345 | D:3      | Found a radiant altar of Vehumet.
  2453 | D:3      | Reached skill level 3 in Spellcasting
  2566 | D:3      | Noticed Robin
  2580 | D:3      | Killed Robin
  2588 | D:3      | Reached skill level 1 in Conjurations
  2878 | D:3      | Reached XP level 5. HP: 31/31 MP: 9/9
  2973 | D:3      | Found a stormy altar of Qazlal.
  3225 | D:3      | Gained mutation: Your system is resistant to poisons.
                  | (rPois) [potion of mutation]
  3225 | D:3      | Gained mutation: Potions are less effective at restoring
                  | your health. [potion of mutation]
  3225 | D:3      | Gained mutation: You sometimes lose your temper in combat.
                  | [potion of mutation]
  3225 | D:3      | Gained mutation: You expend magic power (3 MP) to
                  | strengthen your wands. [potion of mutation]
  3444 | D:4      | Lost mutation: You sometimes lose your temper in combat.
                  | [potion of mutation]
  3444 | D:4      | Lost mutation: Your system is resistant to poisons. (rPois)
                  | [potion of mutation]
  3444 | D:4      | Lost mutation: Potions are less effective at restoring your
                  | health. [potion of mutation]
  3444 | D:4      | Gained mutation: Your spells are a little easier to cast,
                  | but a little less powerful. [potion of mutation]
  3444 | D:4      | Lost mutation: Your spells are a little easier to cast, but
                  | a little less powerful. [potion of mutation]
  3444 | D:4      | Gained mutation: Your spells are a little harder to cast,
                  | but a little more powerful. [potion of mutation]
  4022 | D:4      | Noticed Sigmund
  4043 | D:5      | Entered Level 5 of the Dungeon
  4186 | D:5      | Reached skill level 5 in Stealth
  4186 | D:5      | Reached XP level 6. HP: 32/36 MP: 8/11
  4304 | D:5      | Found a glowing drain.
  4311 | Sewer    | Entered a sewer
  5049 | D:5      | Found a staircase to the Ecumenical Temple.
  5085 | Temple   | Entered the Ecumenical Temple
  5362 | D:5      | Reached skill level 4 in Spellcasting
  5542 | D:5      | Upgraded the game from 0.29-a0-1014-ga8c0faee3b to
                  | 0.29-a0-1018-g6b6670bd90
  5545 | D:5      | Learned a level 2 spell: Blink
  5550 | D:5      | Learned a level 4 spell: Petrify
  5625 | D:5      | Reached XP level 7. HP: 41/41 MP: 7/13
  5771 | D:5      | Reached skill level 1 in Translocations
  5976 | D:4      | Killed Sigmund
  6268 | D:4      | Found a large runed translucent door.
  6269 | D:4      | Found a large runed translucent door.
  6272 | D:4      | Noticed hackon's ghost (amateur DsAK)
  6288 | D:4      | Reached skill level 1 in Fighting
  7127 | D:6      | Reached XP level 8. HP: 26/50 MP: 4/14
  7240 | D:6      | Found an opulent altar of Gozag.
  7893 | D:6      | Reached skill level 5 in Dodging
  8232 | D:6      | Reached skill level 5 in Fighting
  8232 | D:6      | Reached XP level 9. HP: 33/61 MP: 5/16
  8564 | D:6      | Reached skill level 5 in Spellcasting
  9250 | D:7      | Noticed Prince Ribbit
  9255 | D:7      | Killed Prince Ribbit
  9370 | D:7      | Found a flagged portal.
  9376 | Bailey   | Entered a bailey
  9617 | Bailey   | Noticed an orc knight
  9854 | Bailey   | Learned a level 1 spell: Apportation
 10477 | Bailey   | Killed an orc knight
 10478 | Bailey   | Reached skill level 6 in Spellcasting
 10478 | Bailey   | Reached skill level 5 in Conjurations
 10478 | Bailey   | Reached skill level 5 in Earth Magic
 10478 | Bailey   | Reached XP level 10. HP: 66/66 MP: 15/19
 10836 | D:7      | Found a glowing golden altar of the Shining One.
 11689 | D:8      | Found a snail-covered altar of Cheibriados.
 11689 | D:8      | Found a shimmering altar of Xom.
 11693 | D:8      | Became a worshipper of Cheibriados the Contemplative
 12141 | D:8      | Reached skill level 1 in Invocations
 12265 | D:8      | Found a staircase to the Lair.
 12861 | D:9      | Noticed a manticore
 12893 | D:9      | Killed a manticore
 12933 | D:9      | Reached skill level 5 in Transmutations
 13669 | D:9      | Noticed Harold
 13675 | D:9      | Killed Harold
 13676 | D:9      | Reached skill level 5 in Translocations
 14010 | D:10     | Entered Level 10 of the Dungeon
 14014 | D:9      | Reached * piety under Cheibriados
 14288 | D:9      | Reached XP level 11. HP: 72/72 MP: 12/21
 14620 | D:10     | Found Foton's Jewellery Shop.
 14624 | D:10     | Noticed Erolcha
 14624 | D:10     | Noticed a two-headed ogre
 14645 | D:10     | Killed a two-headed ogre
 14646 | D:10     | Reached skill level 7 in Spellcasting
 14868 | D:10     | Killed Erolcha
 15178 | D:10     | Bought a ring of resist corrosion for 280 gold pieces
 15575 | D:10     | Found Eclomubo's Jewellery Shoppe.
 15578 | D:10     | Bought the ring of Dulusmox {rN+++ rCorr EV+4 Str+3 Dex-4}
                  | for 877 gold pieces
 15991 | D:10     | Found an ornate altar of the Wu Jian Council.
 15991 | D:10     | Noticed a two-headed ogre
 16005 | D:10     | Killed a two-headed ogre
 16385 | D:11     | Noticed a manticore
 16390 | D:11     | Killed a manticore
 16391 | D:11     | Reached skill level 1 in Short Blades
 16391 | D:11     | Reached skill level 1 in Maces & Flails
 16418 | D:11     | Reached skill level 5 in Invocations
 16719 | D:11     | Noticed a boulder beetle
 16753 | D:11     | Killed a boulder beetle
 16994 | D:11     | Noticed a six-headed hydra
 17002 | D:11     | Killed a six-headed hydra
 17202 | D:11     | Noticed Sonja
 17206 | D:11     | Killed Sonja
 17206 | D:11     | Reached ** piety under Cheibriados
 17310 | D:11     | Reached skill level 8 in Spellcasting
 17593 | D:11     | Found an iron altar of Okawaru.
 17851 | D:11     | Reached XP level 12. HP: 71/79 MP: 11/24
 18207 | D:12     | Noticed a centaur warrior
 18213 | D:12     | Found a gate leading to a gauntlet.
 18228 | Gauntlet | Entered a Gauntlet
 18228 | Gauntlet | Found a transporter.
 18230 | Gauntlet | Noticed a catoblepas
 18320 | Gauntlet | Found a transporter.
 18322 | Gauntlet | Found a transporter.
 18338 | Gauntlet | Found a transporter.
 18358 | Gauntlet | Found a transporter.
 18360 | Gauntlet | Found a transporter.
 18363 | Gauntlet | Noticed a quicksilver ooze
 18364 | Gauntlet | Found a runed translucent door.
 18367 | Gauntlet | Noticed a six-headed hydra
 18368 | Gauntlet | Found a runed translucent door.
 18373 | Gauntlet | Found a transporter.
 18389 | Gauntlet | Found a runed translucent gate.
 18390 | Gauntlet | Found a transporter.
 18390 | Gauntlet | Found a runed translucent gate.
 18391 | Gauntlet | Found a runed translucent gate.
 18400 | Gauntlet | Found a transporter.
 18401 | Gauntlet | Noticed a ghost crab
 18410 | Gauntlet | Found a transporter.
 18425 | Gauntlet | Found a transporter.
 18428 | Gauntlet | Found a runed translucent door.
 18440 | Gauntlet | Found a transporter.
 18475 | Gauntlet | Demolished by a catoblepas

Illustrated notes

Levels and vault maps discovered:
D:1:      spicycebolla_arrival_xxxplode, layout_basic
D:2:      layout_basic, dreamdust_ecumenical_altar_statues, uniq_jessica
D:3:      minmay_angry_zag, layout_basic, general_overflow_altar,
          nicolae_vehumet_altar_sigil, nicolae_figureground_pulse, uniq_robin
D:4:      layout_gridville, ebering_ghost_disaster_area, minmay_misc_feat_x,
          uniq_natasha, uniq_sigmund
D:5:      layout_loops_ring, minmay_temple_entry_trees, gup_sewer_entry_bubbles
D:6:      layout_basic, kennysheep_little_box, serial_bayou,
          serial_bayou_pond_b, serial_bayou_crossing, serial_bayou_lake_a,
          serial_bayou_pond_b
D:7:      layout_basic, mainiacjoe_overflow_24_doors, enter_bailey_2,
          uniq_prince_ribbit1
D:8:      layout_basic, gammafunk_temple_overflow_wave, david_lair_shrubbed
D:9:      layout_basic, serial_curves, eino_curves_04, eino_curves_01,
          eino_curves_01, amcnicky_mini_rare_corridor_liquid, uniq_harold
D:10:     layout_cave_pools, nicolae_wu_jian_immortal_techniques, serial_shops,
          nicolae_diamond_shop, minmay_misc_feat_more_columns,
          corexii_leaking_fountain, minmay_shop_enchanted_jewellery,
          uniq_erolcha
D:11:     layout_roguey, okawaru_trees_1, uniq_sonja
D:12:     layout_cave_pools, orc_0_dummy, gauntlet_entry_generic, uniq_psyche
Temple:   regret_index_temple_waves
Gauntlet: minmay_gauntlet_77_tree [minmay_gauntlet_arena_77_braids,
          minmay_gauntlet_arena_77_path, minmay_gauntlet_arena_77_fan,
          minmay_gauntlet_arena_77_chump_sandwich,
          minmay_gauntlet_arena_77_mess, minmay_gauntlet_arena_77_run_for_it,
          minmay_gauntlet_arena_77_cramped, gauntlet_exit_green]

Skill      XL: |  1  2  3  4  5  6  7  8  9 10 11 12 |
---------------+-------------------------------------+-----
Stealth        | 3 4 5 7 |  7.6
Spellcasting   | 3 4 6 8 |  8.1
Conjurations   | 1 2 3 5 6 |  6.6
Translocations | 1 3 5 |  5.5
Transmutations | 2 4 5 |  5.8
Fighting       | 2 5 6 |  6.1
Dodging        | 3 5 6 |  6.0
Earth Magic    | 5 6 |  6.6
Invocations    | 2 5 |  5.9
Short Blades   | 2 3 |  3.0
Maces & Flails | 2 3 |  3.0

Action                   |  1- 3 |  4- 6 |  7- 9 | 10-12 || total
-------------------------+-------+-------+-------+-------++-------
Melee: Dagger            |    51 |    65 |    15 |    26 ||   157
       Constrict         |    10 |    30 |     9 |     7 ||    56
       Tentacles         |     8 |    26 |    15 |    21 ||    70
       Punch             |       |     1 |     2 |     1 ||     4
       Staff             |       |    62 |    30 |     7 ||    99
       Short sword       |       |       |       |    34 ||    34
 Cast: Sandblast         |     1 |    27 |    13 |    17 ||    58
       Stone Arrow       |       |    11 |   103 |   138 ||   252
       Passwall          |       |     2 |     3 |     2 ||     7
       Petrify           |       |       |     5 |    14 ||    19
       Blink             |       |       |     2 |     2 ||     4
Evoke: Wand              |       |       |       |     8 ||     8
  Use: Scroll            |     4 |     6 |    10 |     5 ||    25
       Potion            |       |     6 |     4 |     4 ||    14
 Stab: Sleeping          |    12 |    26 |     3 |     3 ||    44
       Petrified         |       |       |    10 |    21 ||    31
       Invisible         |       |       |       |     1 ||     1
Armor: Skin              |     5 |     8 |    27 |     6 ||    46
Dodge: Dodged            |    27 |    91 |    39 |   119 ||   276

Table legend: (Time is in decaauts)
 A = Elapsed time spent in this place.
 B = Non-inter-level travel time spent in this place.
 C = Inter-level travel time spent in this place.
 D = Time resting spent in this place.
 E = Time spent auto-exploring this place.
 F = Levels seen in this place.
 G = Mean time per level.
                   A        B        C        D        E       F      G
               +--------+--------+--------+--------+--------+-----+--------+
         Total |  19593 |  18879 |    714 |   5674 |  10351 |  16 | 1224.6 |
       Dungeon |  17095 |  16401 |    694 |   4573 |   9774 |  12 | 1424.6 |
        Temple |    165 |    146 |     19 |      0 |    135 |   1 |  165.0 |
         Sewer |    721 |    721 |      0 |    224 |    346 |   1 |  721.0 |
        Bailey |   1288 |   1288 |      0 |    790 |     96 |   1 | 1288.0 |
      Gauntlet |    323 |    323 |      0 |     87 |      0 |   1 |  323.0 |
               +--------+--------+--------+--------+--------+-----+--------+

Top non-repeatable levels by time:
     D:9: 2238 daAuts
     D:6: 2129 daAuts
    D:11: 2128 daAuts
    D:10: 1623 daAuts
     D:4: 1455 daAuts
     D:8: 1454 daAuts
     D:3: 1322 daAuts
     D:2: 1294 daAuts
  Bailey: 1288 daAuts
     D:7: 1215 daAuts
     D:5: 1136 daAuts
     D:1: 912 daAuts
   Sewer: 721 daAuts
Gauntlet: 323 daAuts
    D:12: 183 daAuts
